 Dungeon Crawl Stone Soup version 0.31.0-12-g77e489cdc1 (webtiles) character file.

Game seed: 12156978850954814215

751 DildoBatman the Conjurer (level 8, -3/60 HPs)
             Began as a Formicid Conjurer on Mar 5, 2024.
             Was an Initiate of Gozag.
             Slain by Terence
             ... wielding a +0 mace
              (8 damage)
             ... on level 2 of the Dungeon.
             The game lasted 00:13:34 (4088 turns).

DildoBatman the Conjurer (Formicid Conjurer)        Turns: 4088, Time: 00:13:34

Health: -3/60      AC:  3    Str: 18    XL:     8   Next: 6%
Magic:  14/14      EV: 12    Int: 20    God:    Gozag
Gold:   316        SH:  0    Dex: 12    Spells: 12/15 levels left

rFire   . . .        i - +0 sling
rCold   . . .        (no shield)
rNeg    . . .        a - +0 robe
rPois   .            (helmet unavailable)
rElec   .            (no cloak)
rCorr   .            D - +0 pair of gloves
SInv    +            (no boots)
Will    .....        (no amulet)
Stlth   ++           j - +4 ring of slaying
HPRegen 0.30/turn    A - +6 ring of strength
MPRegen 0.14/turn

%: no passive effects
@: gold aura
A: permanent stasis, dig shafts and tunnels, antennae 3, four strong arms
a: Dig, Shaft Self, Renounce Religion, Potion Petition, Call Merchant, Bribe
Branch


You were on level 2 of the Dungeon.
You worshipped Gozag.
Gozag was aware of your devotion.
You visited 2 branches of the dungeon, and saw 6 of its levels.

You collected 489 gold pieces.
You paid 173 gold pieces to Gozag.

Inventory:

Hand Weapons
 e - a +0 spear
 i - a +0 sling (weapon)
Missiles
 f - 26 stones
Armour
 a - a +0 robe (worn)
 D - a +0 pair of gloves (worn)
Jewellery
 j - a +4 ring of slaying (left hand)
 y - a ring of resist corrosion
 A - a +6 ring of strength (right hand)
Talismans
 d - a talisman of death
Scrolls
 g - a scroll of vulnerability {unknown}
 h - 2 scrolls of fear {unknown}
 k - 2 scrolls of poison {unknown}
 o - a scroll of enchant armour {unknown}
 p - 3 scrolls of identify {unknown}
 q - a scroll of revelation {unknown}
 r - a scroll of blinking {unknown}
 s - a scroll of enchant weapon {unknown}
 t - 2 scrolls of fog {unknown}
 v - a scroll of torment {unknown}
 w - a scroll of noise {unknown}
 x - 2 scrolls of amnesia {unknown}
Potions
 b - a potion of magic
 c - 2 potions of cancellation {unknown}
 l - 3 potions of curing {unknown}
 m - a potion of lignification {unknown}
 n - 2 potions of haste {unknown}
 u - a potion of degeneration {unknown}
 z - 2 potions of attraction {unknown}
 B - a potion of brilliance {unknown}
 C - a potion of ambrosia {unknown}


   Skills:
 + Level 3.8 Fighting
 - Level 1.0 Throwing
 + Level 3.6 Armour
 - Level 3.0 Dodging
 - Level 4.0 Stealth
 + Level 4.2 Spellcasting
 + Level 4.9 Conjurations


You had 12 spell levels left.
You knew the following spells:

 Your Spells              Type           Power      Damage    Failure   Level
a - Searing Ray           Conj           48%        2d6       2%          2
c - Magic Dart            Conj           96%        1d7       1%          1

Your spell library contained the following spells:

 Spells                   Type           Power      Damage    Failure   Level
 Kiss of Death            Conj/Necr      56%        2d9       4%          1
 Ensorcelled Hibernation  Hex/Ice        8%         N/A       19%         2
 Confusing Touch          Hex            4%         N/A       36%         3
 Passwall                 Erth           4%         N/A       36%         3
 Fulminant Prism          Conj/Alch      7%         3d7       41%         4
 Iskenderun's Mystic Bla  Conj/Tloc      14%        2d5       41%         4
 Dispel Undead            Necr           4%         3d7       77%         4
 Swiftness                Air            Unusable   N/A       N/A         3

Dungeon Overview and Level Annotations

Branches:
Dungeon (5/15)             Temple (1/1) D:5

Altars:
Ashenzari
Dithmenos
Elyvilon
Fedhas
Gozag
Makhleb
Nemelex Xobeh
Qazlal
Ru
Sif Muna
Uskayaw
Wu Jian
Xom

Shops:
D:4 [   D:5 :

Annotations:
D:2 Terence
D:3 Pargi
D:4 exclusions: 2 orcs, orc wizard and 2 sensed monsters (detected), Dowan, Duvessa, Grinder, Natasha


Innate Abilities, Weirdness & Mutations

You cannot be hasted, slowed, berserked, paralysed or teleported.
You can dig through walls and to a lower floor.
You have a pair of large antennae on your head. (SInv)
Your four strong arms can wield two-handed weapons with a shield.


Message History

The adder barely misses you.
You shoot a sling bullet. The sling bullet hits the adder.
The adder is almost dead.
You feel sick. The adder bites you but does no damage.
The adder barely misses you.
You shoot a sling bullet.
The sling bullet closely misses the adder.
You feel sick.
You are no longer poisoned.
Terence is no longer distracted by gold.
The adder barely misses you. Terence hits you but does no damage.
The adder misses you.
You shoot a sling bullet.
The sling bullet closely misses the adder.
Terence hits you with a +0 mace! The adder bites you.
Terence hits you but does no damage. The adder closely misses you.
You shoot a sling bullet.
The sling bullet hits the adder but does no damage.
The adder is almost dead.
The adder misses you. Terence misses you. The adder barely misses you.
You shoot a sling bullet. The sling bullet misses the adder.
Terence hits you with a +0 mace. The adder completely misses you.
Terence zaps a wand.
The puff of flame hits you!
You shoot a sling bullet. The sling bullet hits the adder!
You kill the adder!
Terence hits you with a +0 mace!
You die...
Terence says, "Rest in peace."
Your body crumbles into a pile of gold.

#...........?. ...†....###..#
###...............!........#
##.# #.............$..........#
#..
#...<....#...............######
####.#####..................#
#.# #...................# #.#
#............_.......# #.#
#..$$@......###...... #.#
#...@.##.... #..#.# #.#
#####......#.. ....$ #.#
#.......#.### .##.. #.#
#.<...[.....# oo #o #.#
###.......#.# #.# ###.#..>..#.#
#.# #...#.#.....# { #.#
#.###.#..#..# #.# #.#
#......### .


You could see Terence.

Vanquished Creatures
  An ice beast (D:4)
  An ogre (D:5)
  3 scorpions (D:5)
  3 orc priests
  A bombardier beetle (D:4)
  3 hounds
  2 orc wizards (D:3)
  7 adders
  3 gnolls (D:3)
  3 ribbon worms
  3 dart slugs
  7 orcs (D:3)
  6 endoplasms
  A giant cockroach (D:1)
  6 goblins
  A hobgoblin (D:2)
  7 ball pythons
  3 bats
  A frilled lizard (D:1)
  7 kobolds
  4 rats
73 creatures vanquished.

Notes
Turn   | Place    | Note
-------+----------+-------------------------------------------
     0 | D:1      | DildoBatman the Formicid Conjurer began the quest for the
                  | Orb.
     0 | D:1      | Reached XP level 1. HP: 13/13 MP: 3/3
   372 | D:1      | Reached XP level 2. HP: 5/20 MP: 0/5
   375 | D:1      | Learned a level 2 spell: Searing Ray
   850 | D:1      | Reached skill level 1 in Fighting
  1000 | D:1      | Reached XP level 3. HP: 26/26 MP: 6/6
  1118 | D:2      | Noticed Terence
  1264 | D:2      | Reached skill level 1 in Armour
  1363 | D:2      | Reached XP level 4. HP: 32/32 MP: 8/8
  1364 | D:2      | Found a faded altar of an unknown god.
  1631 | D:3      | Reached XP level 5. HP: 24/38 MP: 6/9
  1776 | D:3      | Noticed Pargi
  1999 | D:3      | Reached XP level 6. HP: 41/44 MP: 4/10
  2083 | D:3      | Reached skill level 1 in Throwing
  2342 | D:4      | Noticed Natasha
  2457 | D:4      | Noticed Grinder
  2490 | D:4      | Noticed Dowan
  2493 | D:4      | Noticed Duvessa
  2925 | D:4      | Found a sacrificial altar of Ru.
  2953 | D:4      | Noticed an ice beast
  3056 | D:4      | Found Esotam's Antique Armour Shop.
  3126 | D:4      | Found a shadowy altar of Dithmenos.
  3152 | D:4      | HP: 1/46 [ice beast (8)]
  3153 | D:4      | Killed an ice beast
  3154 | D:4      | Reached XP level 7. HP: 2/51 MP: 0/12
  3515 | D:5      | Entered Level 5 of the Dungeon
  3517 | D:5      | Found a white marble altar of Elyvilon.
  3614 | D:5      | Found a staircase to the Ecumenical Temple.
  3649 | Temple   | Entered the Ecumenical Temple
  3656 | D:5      | Found an opulent altar of Gozag.
  3686 | D:5      | Found Anuloul's Book Emporium.
  3779 | D:5      | Found a shimmering blue altar of Sif Muna.
  3871 | D:5      | Reached XP level 8. HP: 60/60 MP: 8/14
  4019 | D:5      | Became a worshipper of Gozag Ym Sagoz the Greedy
  4088 | D:2      | Slain by Terence

Illustrated notes

Levels and vault maps discovered:
D:1:      minmay_arrival_loop, layout_basic, minmay_hedge_maze,
          minmay_small_reverse_x
D:2:      layout_rooms, basic_ecumenical_altar, uniq_terence
D:3:      layout_basic, uniq_pargi
D:4:      layout_cave_pools, general_overflow_altar,
          nicolae_dithmenos_the_darkroom, serial_shops, shop_coins,
          kennysheep_generic_room_7, uniq_natasha, uniq_duvessa, uniq_grinder
D:5:      layout_basic, nicolae_gozag_cash_rules_everything_around_me,
          nicolae_sif_muna_condensation, mainiacjoe_overflow_catwalk,
          minmay_temple_entry_offerings, serial_shops,
          nicolae_shop_pleasant_corner_grove
Temple:   hellmonk_temple_rainy

Skill      XL: |  1  2  3  4  5  6  7 |
---------------+----------------------+-----
Dodging        | 2 3 |  3.0
Fighting       | 1 2 3 |  3.8
Armour         | 1 2 3 |  3.6
Stealth        | 3 4 |  4.0
Spellcasting   | 3 4 |  4.2
Conjurations   | 4 |  4.9
Throwing       | 1 |  1.0

Action                     |  1- 3 |  4- 6 |  7- 9 || total
---------------------------+-------+-------+-------++-------
  Melee: Spear             |     6 |       |       ||     6
         Unarmed           |     5 |       |       ||     5
   Fire: Sling             |    27 |    38 |    24 ||    89
   Cast: Magic Dart        |    22 |    12 |     1 ||    35
         Searing Ray       |     1 |    25 |     8 ||    34
 Armour: Robe              |    11 |    26 |    26 ||    63
  Dodge: Dodged            |    11 |    18 |    21 ||    50
